 Dungeon Crawl Stone Soup version 0.31-a0-819-gf6de2f5ab6 (webtiles) character file.

Game seed: 16784607015671358832

65 qw the Shooter (level 4, -9/28 HPs)
             Began as a Gargoyle Hunter on Sept 23, 2023.
             Killed by divine providence
             ... invoked by an orc priest
              (11 damage)
             ... on level 3 of the Dungeon.
             The game lasted 00:00:32 (1630 turns).

qw the Shooter (Gargoyle Hunter)                    Turns: 1630, Time: 00:00:32

Health: -9/28      AC: 10    Str: 15    XL:     4   Next: 13%
Magic:  4/4        EV: 11    Int:  9    God:
Gold:   79         SH:  0    Dex: 15    Spells: 3/3 levels left

rFire   . . .        Y - +0 shortbow
rCold   . . .        (shield currently unavailable)
rNeg    + . .        h - +0 ring mail
rPois   inf          g - +0 helmet
rElec   +            i - +0 cloak
rCorr   .            (no gloves)
SInv    .            (no boots)
Will    .....        (no amulet)
Stlth   +            (no ring)
HPRegen 0.24/turn    (no ring)
MPRegen 0.09/turn

%: no passive effects
@: no status effects
A: sickness immunity, AC +3, negative energy resistance 1, electricity
resistance, torment resistance 1, petrification resistance
a: no special abilities


You were on level 3 of the Dungeon.
You visited 1 branch of the dungeon, and saw 3 of its levels.

You collected 131 gold pieces.
You spent 52 gold pieces at shops.


Innate Abilities, Weirdness & Mutations

You are immune to sickness and miasma.
Your stone body is resilient. (AC +3)
You are immune to poison.
You resist negative energy. (rN+)
You are resistant to electric shocks. (rElec)
You are resistant to unholy torment.
You are immune to petrification.


   Skills:
 - Level 3.0 Fighting
 + Level 5.0 Ranged Weapons
 - Level 1.0 Armour
 - Level 1.5 Dodging
 - Level 1.1 Stealth


You had 3 spell levels left.
You didn't know any spells.
Your spell library was empty.

Inventory:

Hand Weapons
 Y - a +0 shortbow (weapon)
Armour
 g - a +0 helmet (worn)
 h - a +0 ring mail (worn)
 i - a +0 cloak (worn)
Scrolls
 b - 2 scrolls of identify
Potions
 a - a potion of curing

Dungeon Overview and Level Annotations

Branches:
Dungeon (3/15)

Altars:

Shops:
D:2 ?


Message History

The orc hits you but does no damage.
You shoot an arrow. The arrow closely misses the orc.
The orc misses you. The orc barely misses you.
You shoot an arrow. The arrow hits the orc.
You kill the orc!
The orc priest invokes the aid of Beogh against you.
You barely resist. You shoot an arrow.
The arrow hits the orc priest but does no damage.
You hear some strange, mumbled words.
A puff of flame appears from out of thin air!
The puff of flame hits you.
You shoot an arrow. The arrow hits the orc priest.
The orc priest is lightly wounded.
Something hits you but does no damage.
The orc priest hits you but does no damage.
You shoot an arrow.
The arrow hits the orc priest but does no damage.
The orc priest is lightly wounded.
Something hits you. The orc priest hits you with a +0 whip.
Something hits you but does no damage.
You shoot an arrow.
The arrow closely misses the orc priest.
The orc priest mumbles some strange prayers to Beogh against you.
Beogh smites you!
You hear some strange, mumbled words.
A puff of flame appears from out of thin air!
The puff of flame misses you.
You shoot an arrow. The arrow hits the orc priest!
The orc priest is severely wounded.
The orc priest completely misses you. Something hits you.
You shoot an arrow. The arrow barely misses the orc priest.
The orc priest hits you but does no damage.
Something hits you. The orc priest closely misses you.
Something hits you but does no damage.
You shoot an arrow. The arrow hits the orc priest.
The orc priest is almost dead.
The orc priest invokes the aid of Beogh against you.
Beogh smites you!
You die...

#.....# #.{..#
#.....# #.####
#.....####.#
###........#
####..####..#
#.....).##..#
#.###.#.##..#
#...[....o..# #
#..#....@{.##
##.#..#.##.####
......#.##.#
###.......#
####.#### #<#
#.# ... #...#


You could see an orc priest.

Vanquished Creatures
  An adder (D:2)
  A worm (D:2)
  3 dart slugs
  2 orcs (D:3)
  3 ball pythons
  6 endoplasms
  A giant cockroach (D:1)
  5 goblins
  5 hobgoblins
  2 quokkas
  2 bats
  3 frilled lizards
  5 kobolds
  3 rats (D:1)
42 creatures vanquished.

Notes
Turn   | Place    | Note
-------+----------+-------------------------------------------
     0 | D:1      | qw the Gargoyle Hunter began the quest for the Orb.
     0 | D:1      | Reached XP level 1. HP: 12/12 MP: 1/1
     0 | D:1      | 0 ||| qw: Version: 0.3-a-83-gcd0e7d8
     0 | D:1      | 0 ||| qw: Game counter: 1401
     0 | D:1      | 0 ||| qw: Melee chars always use a shield: true
     0 | D:1      | 0 ||| qw: God list: Okawaru
     0 | D:1      | 0 ||| qw: Allow faded altars: false
     0 | D:1      | 0 ||| qw: Do Orc after clearing Dungeon:15 true
     0 | D:1      | 0 ||| qw: Do second Lair branch before Depths: true
     0 | D:1      | 0 ||| qw: Lair rune preference: random
     0 | D:1      | 0 ||| qw: Goals: Normal
     0 | D:1      | 0 ||| PLANNING D:1-11
   210 | D:1      | Reached XP level 2. HP: 17/17 MP: 2/2
   336 | D:1      | Reached XP level 3. HP: 21/21 MP: 3/3
   390 | D:1      | Reached skill level 5 in Ranged Weapons
   700 | D:1      | 700 ||| UPGRADING to +0 helmet.
   705 | D:1      | 705 ||| UPGRADING to +0 ring mail.
   715 | D:1      | 715 ||| DROPPING +0 leather armour.
   716 | D:1      | 716 ||| UPGRADING to +0 cloak.
   733 | D:1      | 733 ||| READING 2 scrolls labelled JYRPHUOGULO.
   757 | D:1      | 757 ||| READING scroll labelled BEUNYE FETA.
   758 | D:1      | 758 ||| DROPPING scroll of fog.
   759 | D:1      | 759 ||| DROPPING scroll of butterflies.
   828 | D:2      | Reached skill level 1 in Armour
   990 | D:2      | Found Ninniacuem's Magic Scroll Shop.
   999 | D:2      | 999 ||| SHOPLISTING scroll of enchant weapon (97 gold, have
                  | 57).
   999 | D:2      | 999 ||| BUYING scroll of identify (26 gold).
   999 | D:2      | Bought a scroll of identify for 26 gold pieces
   999 | D:2      | 999 ||| BUYING scroll of identify (26 gold).
   999 | D:2      | Bought a scroll of identify for 26 gold pieces
  1080 | D:2      | Reached XP level 4. HP: 27/27 MP: 4/4
  1289 | D:2      | Reached skill level 3 in Fighting
  1528 | D:2      | 1528 ||| READING 4 scrolls of identify.
  1528 | D:2      | 1528 ||| IDENTIFYING blue potion
  1529 | D:2      | 1529 ||| READING 3 scrolls of identify.
  1529 | D:2      | 1529 ||| IDENTIFYING golden potion
  1530 | D:2      | 1530 ||| DROPPING potion of degeneration.
  1604 | D:3      | 1604 ||| RETREEAATING.
  1605 | D:3      | 1605 ||| FLEEEEING.
  1606 | D:3      | 1606 ||| FLEEEEING.
  1607 | D:3      | 1607 ||| FLEEEEING.
  1608 | D:3      | 1608 ||| FLEEEEING.
  1615 | D:3      | 1615 ||| FLEEEEING.
  1616 | D:3      | 1616 ||| FLEEEEING.
  1617 | D:3      | 1617 ||| FLEEEEING.
  1627 | D:3      | HP: 4/28 [orc priest/divine providence (13)]
  1629 | D:3      | HP: 1/28 [something (2)]
  1630 | D:3      | Killed from afar by an orc priest

Levels and vault maps discovered:
D:1:      psy_arrival_dodecagon, layout_basic, palyth_stone_intersect,
          hangedman_feature_mirror, grunt_decor_junction,
          minmay_indecisive_spiral
D:2:      layout_basic, serial_shops, shop
D:3:      layout_loops_cross, hellmonk_ecumenical_altar_dog_temple, uniq_sigmund

Skill      XL: |  1  2  3  4 |
---------------+-------------+-----
Ranged Weapons | 5 |  5.0
Armour         | 1 |  1.0
Fighting       | 3 |  3.0
Dodging        | |  1.5
Stealth        | |  1.1

Action                     |  1- 3 |  4- 6 || total
---------------------------+-------+-------++-------
   Fire: Shortbow          |    93 |    20 ||   113
    Use: Scroll            |     2 |     2 ||     4
 Armour: Leather armour    |     7 |       ||     7
         Ring mail         |    14 |    12 ||    26
  Dodge: Dodged            |    15 |     5 ||    20

Table legend:
 A = Non-vault XP
 B = Vault XP
 C = Vault XP percentage of total XP
 D = Non-vault monster count
 E = Vault monster count
 F = Vault count percentage of total count
                 A         B        C        D         E       F
            +---------+---------+-------+---------+---------+-------
      Total |      87 |       6 |   6.5 |      38 |       4 |   9.5
            +---------+---------+-------+---------+---------+-------
        D:1 |      43 |       6 |  12.2 |      22 |       4 |  15.4
        D:2 |      37 |       0 |   0.0 |      13 |       0 |   0.0
        D:3 |       7 |       0 |   0.0 |       3 |       0 |   0.0
            +---------+---------+-------+---------+---------+-------
